 Dungeon Crawl Stone Soup version 0.31-a0-631-g285b096dc4 (webtiles) character file.

Game seed: 4893936346274079362

16804 tilp the Covert (level 12, -3/94 HPs)
             Began as a Vampire Enchanter on Aug 25, 2023.
             Was a Believer of Wu Jian.
             Slain by a cane toad (17 damage)
             ... on level 1 of the Lair of Beasts.
             The game lasted 00:24:46 (11786 turns).

tilp the Covert (Vampire Enchanter)                Turns: 11786, Time: 00:24:46

Health: -3/94      AC: 14    Str:  7    XL:     12   Next: 13%
Magic:  10/21      EV: 15    Int: 22    God:    Wu Jian [**....]
Gold:   236        SH:  0    Dex: 15    Spells: 13/24 levels left

rFire   + + .        b - +0 quick blade (drain)
rCold   + + .        (no shield)
rNeg    . . .        q - +2 robe {rC+ rF+}
rPois   +            M - +2 hat
rElec   .            P - scarf {rC+ rF+}
rCorr   .            E - +1 pair of gloves
SInv    +            n - +1 pair of boots {Stlth+}
Will    +....        (no amulet)
Stlth   ++++++       f - +4 ring of protection
HPRegen 0.55/turn    H - ring of poison resistance
MPRegen 0.17/turn

%: no passive effects
@: healing quickly, studying Conjurations
A: alive, fangs 3, see invisible, vampiric 2
a: Exsanguinate, Renounce Religion, Wall Jump


You were on level 1 of the Lair of Beasts.
You worshipped Wu Jian.
Wu Jian was pleased with you.
You visited 3 branches of the dungeon, and saw 13 of its levels.
You also visited: Ice Cave.

You collected 855 gold pieces.
You spent 619 gold pieces at shops.

Inventory:

Hand Weapons
 a - a +1 dagger of protection
 b - a +0 quick blade of draining (weapon)
 o - the +7 sling of the Eight Scars {flame, Will+ Str+3 SInv}
   (You took it off an orc priest on level 4 of the Dungeon)

   Str+3:     It affects your strength (+3).
   Will+:     It increases your willpower.
   SInv:      It lets you see invisible.
Missiles
 l - 26 poisoned darts (quivered)
 Q - 5 atropa-tipped darts
Armour
 m - a +0 cloak
 n - a +1 pair of boots of stealth (worn)
 q - a +2 robe of resistance (worn)
 E - a +1 pair of gloves (worn)
 M - a +2 hat (worn)
 O - the +3 ring mail of Vehumet's Hope {Int+5 Slay+3}
   (You found it on level 11 of the Dungeon)

   Int+5:     It affects your intelligence (+5).
   Slay+3:    It affects your accuracy & damage with ranged weapons and melee
   (+3).
 P - a scarf of resistance (worn)
Magical Staves
 e - a staff of fire
Jewellery
 c - the ring of Oheiv {*Slow rC+ Slay+2 SInv}
   (You found it in an ice cave)

   [ring of see invisible]

   Slay+2:    It affects your accuracy & damage with ranged weapons and melee
   (+2).
   rC+:       It protects you from cold.
   SInv:      It lets you see invisible.
   *Slow:     It may slow you when you take damage.
 f - a +4 ring of protection (left hand)
 g - a +6 ring of dexterity
 w - an amulet of guardian spirit
 z - a ring of resist corrosion
 H - a ring of poison resistance (right hand)
 N - a ring of protection from fire
Wands
 d - a wand of flame (61)
 r - a wand of charming (33)
 s - a wand of iceblast (6)
 S - a wand of quicksilver (4)
Scrolls
 j - 3 scrolls of immolation
 v - a scroll of fear
 y - 2 scrolls of poison
 F - a scroll of identify
 G - 4 scrolls of amnesia
 I - 2 scrolls of revelation
 J - 4 scrolls of teleportation
 K - a scroll of enchant weapon
 L - 2 scrolls of blinking
Potions
 h - 3 potions of mutation
 i - 2 potions of attraction
 k - 2 potions of haste
 p - a potion of resistance
 t - 6 potions of curing
 u - 2 potions of ambrosia
 x - a potion of lignification
 A - a potion of might
 B - a potion of berserk rage
 D - a potion of cancellation
Miscellaneous
 R - a tin of tremorstones (2/2)


   Skills:
 * Level 8.4 Fighting
 - Level 10.0 Short Blades
 + Level 6.5 Dodging
 - Level 12.0 Stealth
 + Level 6.5 Spellcasting
 + Level 4.3 Conjurations
 - Level 12.0 Hexes
 - Level 2.0 Ice Magic
 - Level 4.0 Evocations


You had 13 spell levels left.
You knew the following spells:

 Your Spells              Type           Power      Damage    Failure   Level
a - Ensorcelled Hibernat  Hex/Ice        74%        N/A       1%          2
b - Confusing Touch       Hex            56%        N/A       1%          3
c - Tukima's Dance        Hex            56%        N/A       1%          3
d - Dazzling Flash        Conj/Hex       86%        N/A       1%          3

Your spell library contained the following spells:

 Spells                   Type           Power      Damage    Failure   Level
 Hailstorm                Conj/Ice       21%        3d6       7%          3
 Sandblast                Erth           14%        2d6       9%          1
 Stone Arrow              Conj/Erth      32%        3d9       11%         3
 Lesser Beckoning         Tloc           14%        N/A       13%         2
 Passwall                 Tmut/Erth      5%         N/A       13%         2
 Gell's Gravitas          Tloc           7%         N/A       26%         3
 Teleport Other           Tloc           7%         N/A       26%         3
 Volatile Blastmotes      Fire/Tloc      14%        2d11      26%         3
 Summon Ice Beast         Ice/Summ       11%        N/A       50%         4
 Starburst                Conj/Fire      8%         6d4       99%         6
 Simulacrum               Ice/Necr       5%         N/A       100%        6
 Maxwell's Capacitive Co  Air            3%         ∞         100%        8


Dungeon Overview and Level Annotations

Branches:
Dungeon (11/15)            Temple (1/1) D:7            Lair (1/5) D:8
    Orc (0/2) D:9           IceCv (visited)

Altars:
Ashenzari
Cheibriados
Dithmenos
Fedhas
Gozag
Hepliaklqana
Kikubaaqudgha
Makhleb
Nemelex Xobeh
Okawaru
Qazlal
Ru
Sif Muna
Trog
Uskayaw
Vehumet
Wu Jian
Xom
Yredelemnul

Shops:
D:3 [   D:9 ?=!((   D:10 *

Annotations:
D:6 1 runed translucent door


Innate Abilities, Weirdness & Mutations

Your natural rate of healing is accelerated.
You have razor-sharp teeth.
You have supernaturally acute eyesight. (SInv)
You are afflicted with vampirism and can become a bat while bloodless.


Message History

* * * LOW HITPOINT WARNING * * *
The cane toad stings you but does no damage.
You hit the komodo dragon but do no damage.
You drain the komodo dragon.
You hit the komodo dragon but do no damage.
You drain the komodo dragon.
The komodo dragon is moderately wounded.
The komodo dragon misses you.
Unknown command.
Casting: Ensorcelled Hibernation (safe; 1% risk of failure)
Confirm with . or Enter, or press ? or * to list all spells.
Casting: Dazzling Flash (safe; 1% risk of failure)
Press: ? - help, Dir - look around, f - activate The cane toad is dazzled.
The komodo dragon is dazzled.
The cane toad closely misses you.
The komodo dragon hisses menacingly.
The komodo dragon bites you.
* * * LOW HITPOINT WARNING * * *
The cane toad closely misses you.
Unknown command.
Unknown command.
Unknown command.
You catch the helpless komodo dragon completely off-guard!
You impale the komodo dragon!!
You catch the helpless komodo dragon completely off-guard!
You impale the komodo dragon!!
You kill the komodo dragon!
The Council accepts your kill.
Training target 12.0 for Hexes reached!
Your Hexes skill increases to level 12!
You catch the helpless cane toad completely off-guard!
You impale the cane toad!! You bite the cane toad. You hit the cane toad.
The cane toad is heavily wounded.
Unknown command.
You barely miss the cane toad. Your bite misses the cane toad.
You hit the cane toad.
You bite the cane toad, but do no damage.
The cane toad is heavily wounded.
The cane toad stings you!
You die...

....P #.#.#
#.P.# #...#
###...##
##[..)..##
#^..F..$?##
#.~~@/<...#
.....≈≈≈~~≈~~.#
....~≈≈≈≈≈≈≈~.#
....≈≈≈≈≈≈≈≈~~#
.....~≈≈≈≈≈≈~~#
...#.~~~≈≈≈≈~.#
...#...~~~~~.##
.. #P.......##


You could see a cane toad (blind).

Vanquished Creatures
  Snorg (D:10)
  4 two-headed ogres
  Pikel (D:5)
  An ugly thing (IceCv)
  3 ice statues (IceCv)
  Maurice (D:9)
  2 unseen horrors
  A freezing wraith (IceCv)
  2 anaconda simulacra (IceCv)
  A komodo dragon (Lair:1)
  A troll (D:10)
  Prince Ribbit (D:5)
  A wraith (D:9)
  Sigmund (D:5)
  2 vampires
  2 wyverns (D:8)
  3 basilisks (D:8)
  A dire elephant simulacrum (IceCv)
  A steam dragon (D:7)
  15 yaks
  A death yak simulacrum (IceCv)
  3 vampire mosquitoes (D:11)
  2 wargs (D:9)
  Duvessa (D:5)
  An acid dragon (D:11)
  7 water moccasins
  4 orc warriors
  4 black bears
  An ice beast (D:5)
  2 sky beasts (D:7)
  A centaur (D:10)
  A wolf (D:8)
  2 phantoms
  Blork the orc (D:5)
  4 bullfrogs
  7 scorpions
  2 cane toad simulacra (IceCv)
  Dowan (D:5)
  14 killer bees
  An electric eel (Lair:1)
  3 howler monkeys (D:9)
  4 jellies
  6 hounds
  5 orc priests
  A gnoll bouda (D:6)
  A sleepcap (D:4)
  4 iguanas
  10 orc wizards
  A wolf simulacrum (IceCv)
  16 gnolls
  15 adders
  A shadow imp (D:7)
  2 white imps
  2 ufetubi (D:5)
  3 worms
  3 dart slugs
  35 orcs
  6 ball pythons
  9 endoplasms
  3 giant cockroaches
  7 goblins
  7 hobgoblins
  14 kobolds
  6 quokkas
  6 bats
  6 frilled lizards
  5 rats
286 creatures vanquished.

Vanquished Creatures (collateral kills)
  A hound (D:5)
  An orc (D:5)
2 creatures vanquished.

Vanquished Creatures (others)
  A dancing weapon (D:4)
1 creature vanquished.

Grand Total: 289 creatures vanquished

Notes
Turn   | Place    | Note
-------+----------+-------------------------------------------
     0 | D:1      | tilp the Vampire Enchanter began the quest for the Orb.
     0 | D:1      | Reached XP level 1. HP: 13/13 MP: 3/3
   175 | D:1      | Reached XP level 2. HP: 17/20 MP: 5/5
   200 | D:1      | Learned a level 2 spell: Ensorcelled Hibernation
   250 | D:1      | Reached skill level 1 in Fighting
   479 | D:1      | Gained mutation: You are afflicted with vampirism and can
                  | become a bat while bloodless. [Vampire growth]
   479 | D:1      | Reached XP level 3. HP: 26/26 MP: 6/6
   483 | D:1      | Learned a level 3 spell: Confusing Touch
   837 | D:2      | Found a shadowy altar of Dithmenos.
   886 | D:2      | Found a faded altar of an unknown god.
  1366 | D:3      | Found a broken altar of Ashenzari.
  1393 | D:3      | Reached XP level 4. HP: 29/32 MP: 2/7
  1450 | D:3      | Reached skill level 5 in Stealth
  2161 | D:3      | Reached skill level 5 in Hexes
  2234 | D:3      | Found Taotum's Antique Armour Boutique.
  2398 | D:3      | Reached XP level 5. HP: 38/38 MP: 8/8
  2402 | D:3      | Learned a level 3 spell: Tukima's Dance
  2895 | D:3      | Bought a pair of glowing boots for 157 gold pieces
  2942 | D:5      | Entered Level 5 of the Dungeon
  3011 | D:4      | Noticed an orc warrior
  3062 | D:4      | Killed an orc warrior
  3063 | D:4      | Reached XP level 6. HP: 18/46 MP: 1/10
  3194 | D:4      | Reached skill level 1 in Evocations
  3220 | D:4      | Identified the +7 sling of the Eight Scars {flame, Will+
                  | Str+3 SInv}
  3452 | D:4      | Found a blossoming altar of Fedhas.
  3656 | D:4      | Identified a scroll of acquirement
  3656 | D:4      | Acquired a +0 quick blade of draining
  3691 | D:5      | Noticed Duvessa
  3738 | D:5      | Reached XP level 7. HP: 47/52 MP: 5/11
  4074 | D:5      | Noticed a two-headed ogre
  4206 | D:5      | Noticed Sigmund
  4388 | D:5      | Reached XP level 8. HP: 60/60 MP: 9/13
  4481 | D:5      | Noticed Prince Ribbit
  4486 | D:5      | Killed Prince Ribbit
  4487 | D:5      | Reached skill level 5 in Short Blades
  4498 | D:5      | Found a radiant altar of Vehumet.
  4604 | D:5      | Noticed Blork the orc
  4610 | D:5      | Killed Blork the orc
  4856 | D:5      | Noticed Pikel
  4862 | D:5      | Killed Pikel
  4863 | D:5      | Reached skill level 5 in Fighting
  4899 | D:5      | Reached XP level 9. HP: 58/68 MP: 13/15
  5145 | D:5      | Killed a two-headed ogre
  5155 | D:5      | Killed Sigmund
  5406 | D:5      | Noticed Dowan
  5411 | D:5      | Killed Duvessa
  5428 | D:5      | Killed Dowan
  5515 | D:6      | Learned a level 3 spell: Dazzling Flash
  5599 | D:6      | Found an iron altar of Okawaru.
  5599 | D:6      | Found a runed translucent door.
  5605 | D:6      | Found the +0 toga "Victory" {*Victory Clar}
  5866 | D:6      | Reached skill level 5 in Spellcasting
  6619 | D:7      | Found a staircase to the Ecumenical Temple.
  6642 | Temple   | Entered the Ecumenical Temple
  6655 | Temple   | Became a worshipper of the Wu Jian Council
  6968 | D:7      | Reached skill level 10 in Stealth
  6982 | D:7      | Reached XP level 10. HP: 54/76 MP: 10/17
  7751 | D:8      | Reached skill level 10 in Short Blades
  7793 | D:8      | You fall into a shaft and drop 1 floor!
  7896 | D:9      | Found Jucsent's Distillery.
  7911 | D:9      | Found Cauwn's Weapon Emporium.
  7913 | D:9      | Found Pier's Weapon Shoppe.
  8067 | D:8      | Found a staircase to the Lair.
  8077 | D:8      | Reached skill level 1 in Conjurations
  8079 | D:8      | Reached skill level 1 in Ice Magic
  8139 | D:8      | Reached * piety under Wu Jian
  8178 | D:8      | Found an ancient bone altar of Kikubaaqudgha.
  8687 | D:8      | Found a shadowy altar of Dithmenos.
  8889 | D:9      | Found a staircase to the Orcish Mines.
  9020 | D:9      | Found Sesot's Jewellery Boutique.
  9131 | D:9      | Noticed Maurice
  9172 | D:9      | Killed Maurice
  9274 | D:9      | Reached ** piety under Wu Jian
  9509 | D:9      | Reached XP level 11. HP: 83/83 MP: 16/19
  9645 | D:9      | Reached skill level 5 in Dodging
  9831 | D:9      | Found Lahigass's Magic Scroll Emporium.
  9844 | D:9      | Reached skill level 10 in Hexes
  9888 | D:9      | Bought a scroll of revelation for 82 gold pieces
  9888 | D:9      | Bought 2 scrolls of teleportation for 66 gold pieces
  9888 | D:9      | Bought a scroll of enchant weapon for 82 gold pieces
  9888 | D:9      | Bought a scroll of blinking for 82 gold pieces
 10033 | D:10     | Entered Level 10 of the Dungeon
 10086 | D:10     | Noticed a two-headed ogre
 10092 | D:10     | Killed a two-headed ogre
 10125 | D:10     | Noticed Snorg
 10255 | D:10     | Killed Snorg
 10570 | D:10     | Found Beruk's Assorted Antiques.
 10589 | D:10     | Bought a glowing dagger for 150 gold pieces
 10712 | D:11     | Identified the +3 ring mail of Vehumet's Hope {Int+5
                  | Slay+3}
 10756 | D:11     | Found a frozen archway.
 10762 | IceCv    | Entered an ice cave
 10796 | IceCv    | Noticed a white ugly thing
 10830 | IceCv    | Killed a white ugly thing
 11039 | IceCv    | Identified the ring of Oheiv {*Slow rC+ Slay+2 SInv}
 11082 | D:11     | Upgraded the game from 0.31-a0-626-g8143ab4f1d to
                  | 0.31-a0-631-g285b096dc4
 11138 | D:11     | Noticed a two-headed ogre
 11143 | D:11     | Killed a two-headed ogre
 11144 | D:11     | Reached XP level 12. HP: 93/93 MP: 15/21
 11290 | D:11     | Noticed a two-headed ogre
 11296 | D:11     | Killed a two-headed ogre
 11773 | Lair:1   | Entered Level 1 of the Lair of Beasts
 11786 | Lair:1   | Slain by a cane toad

Illustrated notes

Levels and vault maps discovered:
D:1:      amcnicky_arrival_choice, layout_basic, dk_noncrumbling_4,
          hangedman_decor_peaks_small
D:2:      layout_rooms, hellmonk_ecumenical_altar_crossroads, basic_altar
D:3:      layout_basic, cheibrodos_ashenzari_chains, serial_shops, shop,
          minmay_unequal
D:4:      layout_basic, fedhas_altar_fruit_tree, wad_floor_pattern_2
D:5:      layout_loops_corners, old_standard_altar, tso_oasis_becter,
          nzn_random_ring, uniq_pikel, uniq_sigmund, uniq_prince_ribbit1,
          uniq_duvessa, uniq_blork_the_orc
D:6:      kennysheep_spiral_hall, layout_loops_cross,
          nicolae_overflow_guarded_unrand_okawaru_victory,
          minmay_misc_feat_pillars, minmay_misc_feat_rugged
D:7:      layout_loops_corners, minmay_temple_entry_offerings
D:8:      layout_loops_ring, mainiacjoe_overflow_six_doors_small,
          mainiacjoe_overflow_tiny_flanked, minmay_lair_entry_grove,
          minmay_manual_monolith
D:9:      layout_basic, david_orc_3, serial_shops, shop, nicolae_shop_rolled_up,
          shop, nicolae_diamond_shop, shop, fountainhead, uniq_maurice
D:10:     layout_cave_pools, serial_column_ruins, column_ruins_hut_ruined,
          column_ruins_columns_corner, column_ruins_grid_1, column_ruins_grid_3,
          column_ruins_open_small_water, column_ruins_columns_straight,
          serial_shops, nicolae_lakefront_shop, uniq_snorg
D:11:     layout_gridville, portal_ice_cave_entry_pillars_2, minmay_holes
Temple:   regret_index_temple_waves
Lair:1:   layout_misc_corridors, nzn_ghost_randoct, grunt_megastairs_3,
          infiniplex_staircase_pool

Skill      XL: |  1  2  3  4  5  6  7  8  9 10 11 12 |
---------------+-------------------------------------+-----
Fighting       | 1 2 3 5 6 8 |  8.4
Short Blades   | 2 3 4 6 9 10 | 10.0
Stealth        | 5 6 7 10 11 12 | 12.0
Hexes          | 5 6 7 8 9 11 12 | 12.0
Dodging        | 3 4 6 |  6.5
Evocations     | 1 2 4 |  4.0
Spellcasting   | 3 4 5 6 |  6.5
Conjurations   | 2 4 |  4.3
Ice Magic      | 2 |  2.0

Action                     |  1- 3 |  4- 6 |  7- 9 | 10-12 || total
---------------------------+-------+-------+-------+-------++-------
  Melee: Dagger            |   124 |   212 |   140 |   104 ||   580
         Bite              |    14 |    17 |    28 |   104 ||   163
         Punch             |     2 |     4 |     3 |     3 ||    12
         Quick blade       |       |       |    71 |   525 ||   596
   Fire: Sling             |       |     8 |       |       ||     8
  Throw: Dart              |       |     1 |       |       ||     1
         Throwing net      |       |       |     1 |       ||     1
   Cast: Ensorcelled Hiber |     6 |    27 |    60 |    39 ||   132
         Tukima's Dance    |       |     1 |       |       ||     1
         Confusing Touch   |       |     2 |     3 |    13 ||    18
         Dazzling Flash    |       |       |     2 |    16 ||    18
Ability: Lunge             |       |       |     2 |    40 ||    42
         Whirlwind         |       |       |       |     7 ||     7
  Evoke: Wand              |       |       |     6 |       ||     6
    Use: Scroll            |     4 |     6 |     4 |    12 ||    26
         Potion            |       |     1 |       |     3 ||     4
   Stab: Sleeping          |    15 |    19 |    43 |    50 ||   127
         Distracted        |       |     1 |       |       ||     1
         Invisible         |       |     2 |     1 |    26 ||    29
         Confused          |       |     1 |     3 |    19 ||    23
 Armour: Robe              |    45 |    41 |    51 |   100 ||   237
  Dodge: Dodged            |    64 |   114 |   124 |   201 ||   503

Table legend: (Time is in decaauts)
 A = Elapsed time spent in this place.
 B = Non-inter-level travel time spent in this place.
 C = Inter-level travel time spent in this place.
 D = Time resting spent in this place.
 E = Time spent auto-exploring this place.
 F = Levels seen in this place.
 G = Mean time per level.
                   A        B        C        D        E       F      G
               +--------+--------+--------+--------+--------+-----+--------+
         Total |  11566 |  11104 |    462 |    799 |   7889 |  14 |  826.1 |
       Dungeon |  11245 |  10808 |    437 |    662 |   7889 |  11 | 1022.3 |
        Temple |     26 |      1 |     25 |      0 |      0 |   1 |   26.0 |
          Lair |     11 |     11 |      0 |      0 |      0 |   1 |   11.0 |
      Ice Cave |    283 |    283 |      0 |    137 |      0 |   1 |  283.0 |
               +--------+--------+--------+--------+--------+-----+--------+

Top non-repeatable levels by time:
     D:5: 1787 daAuts
     D:9: 1439 daAuts
     D:3: 1407 daAuts
     D:6: 1097 daAuts
     D:7: 1087 daAuts
     D:8: 897 daAuts
     D:4: 862 daAuts
     D:1: 769 daAuts
    D:11: 715 daAuts
    D:10: 592 daAuts
     D:2: 588 daAuts
   IceCv: 283 daAuts
  Temple: 26 daAuts
  Lair:1: 11 daAuts
